 Dungeon Crawl Stone Soup version 0.21-a0-203-gb066a6e (webtiles) character file.

95 Leszczynek the Ruffian (level 4, -4/41 HPs)
             Began as a Troll Skald on Aug 20, 2017.
             Slain by Grinder (6 damage)
             ... while paralysed by Grinder
             ... on level 4 of the Dungeon.
             The game lasted 00:02:51 (556 turns).

Leszczynek the Ruffian (Troll Skald)                 Turns: 556, Time: 00:02:52

Health: -4/41      AC:  5    Str: 19    XL:     4   Next: 39%
Magic:  4/4        EV:  1    Int: 10    God:
Gold:   81         SH:  0    Dex:  9    Spells: 2/5 levels left

rFire    . . .     SeeInvis .     - Unarmed
rCold    . . .     Gourm    +   (no shield)
rNeg     . . .     Faith    .   a - +0 robe
rPois    .         Spirit   .   (helmet restricted)
rElec    .         Reflect  .   (no cloak)
rCorr    .         Harm     .   (gloves unavailable)
MR       .....                  (boots unavailable)
Stlth    +.........             (no amulet)
HPRegen  0.53/turn              (no ring)
MPRegen  0.09/turn              (no ring)

@: paralysed
A: unfitting armour, claws 3, fast metabolism 3, gourmand, regeneration 1,
shaggy fur 1, tough skin 2
a: no special abilities


You were on level 4 of the Dungeon.
You were very full.

You visited 1 branch of the dungeon, and saw 4 of its levels.

You collected 81 gold pieces.

Inventory:

Missiles
 k - 7 javelins (quivered)
Armour
 a - a +0 robe (worn)
Scrolls
 c - 3 scrolls of identify {unknown}
 e - 2 scrolls of recharging {unknown}
Potions
 g - a potion of heal wounds {unknown}
 h - 2 potions of brilliance {unknown}
 i - a potion of resistance {unknown}
Books
 b - a book of Battle

   Spells                             Type                      Level
   a - Infusion                       Charms                       1
   b - Shroud of Golubria             Charms/Translocation         2
   c - Song of Slaying                Charms                       2
   d - Spectral Weapon                Hexes/Charms                 3
   e - Regeneration                   Charms/Necromancy            3
Comestibles
 d - 3 bread rations
 f - a royal jelly
 j - 3 chunks of flesh


   Skills:
 - Level 1.6 Fighting
 - Level 2.0 Dodging
 + Level 4.5 Unarmed Combat
 - Level 1.2 Spellcasting
 - Level 2.0 Charms


You had 2 spell levels left.
You knew the following spells:

 Your Spells              Type           Power        Failure   Level  Hunger
a - Infusion              Chrm           #...         14%         1    ##.....
b - Shroud of Golubria    Chrm/Tloc      #.........   32%         2    ###....


Dungeon Overview and Level Annotations

Branches:
Dungeon (4/15)
 Temple: D:4-7

Altars:
Ru

Annotations:
D:4 Grinder, Ijyb


Innate Abilities, Weirdness & Mutations

You are too large for most types of armour.
You have claws for hands.
Your metabolism is lightning-fast.
You like to eat raw meat.
Your natural rate of healing is unusually fast.
You are covered in fur. (AC +1)
You have very tough skin. (AC +2)


Message History

Grinder gestures at you. Pain shoots through your body!
Unknown command.
Unknown command.
Grinder says, "FISH!"
Grinder hits you.
You writhe in agony.
You scratch Grinder but do no damage.
Grinder is severely wounded.
Grinder misses you.
You scratch Grinder.
Grinder is almost dead.
Grinder gestures at you.
You suddenly lose the ability to move!
Grinder hits you.
You writhe in agony.
Grinder hits you!
* * * LOW HITPOINT WARNING * * *
Grinder hits you.
* * * LOW HITPOINT WARNING * * *
You writhe in agony.
You die...

###)## ####### ....#
#.....##.###..# #
#..... ......####
#.... #...... #... #
#...### #g. #.###..##
# #5# #......#
######@#########.###
#...........# #...#
#.####.####.# ###.#
#.......#.# #.# #
#.##.##.#.# #.#
#.#.#.#...#.#.######.#
#......._............#
###.#.#...#.#.########
# #.##.##.#.#


You could see Grinder and Ijyb.

Vanquished Creatures
  A hound (D:4)
  A bullfrog skeleton (D:4)
  A howler monkey zombie (D:3)
  3 worms
  A dart slug (D:2)
  An orc (D:3)
  2 bats (D:2)
  A hobgoblin (D:2)
  2 kobolds
  2 frilled lizards (D:2)
  2 goblins (D:3)
  2 rats
19 creatures vanquished.

Notes
Turn   | Place    | Note
-------+----------+-------------------------------------------
     0 | D:1      | Leszczynek the Troll Skald began the quest for the Orb.
     0 | D:1      | Reached XP level 1. HP: 19/19 MP: 1/1
    77 | D:1      | Reached skill level 2 in Dodging
   176 | D:1      | Reached XP level 2. HP: 27/27 MP: 2/2
   180 | D:1      | Learned a level 2 spell: Shroud of Golubria
   302 | D:3      | Reached skill level 3 in Unarmed Combat
   355 | D:3      | Reached XP level 3. HP: 30/33 MP: 3/3
   372 | D:4      | Reached skill level 4 in Unarmed Combat
   484 | D:4      | Found a sacrificial altar of Ru.
   503 | D:4      | Reached XP level 4. HP: 25/41 MP: 4/4
   527 | D:4      | Noticed Grinder
   541 | D:4      | Paralysed by Grinder for 6 turns
   548 | D:4      | Noticed Ijyb
   553 | D:4      | Paralysed by Grinder for 6 turns
   555 | D:4      | HP: 8/41 [Grinder (11)]
   556 | D:4      | HP: 2/41 [Grinder (6)]
   556 | D:4      | Slain by Grinder

Vault maps used:
D:1:      evilmike_arrival_plus, grunt_decor_one_mirror
D:2:      marbit_many_paths, grunt_decor_mini_mirrors
D:3:      nicolae_tso_carved_into_rock, nicolae_overflow_crystal_walls
D:4:      nicolae_ru_sacrificial_ziggurat, guppyfry_shop_venom, uniq_ijyb,
          uniq_grinder, uniq_robin

Skill      XL: |  1  2  3 |
---------------+----------+-----
Dodging        | 2 |  2.0
Unarmed Combat | 3 4 |  4.5
Fighting       | |  1.6
Spellcasting   | |  1.2
Charms         | |  2.0

Action                   |  1- 3 |  4- 6 || total
-------------------------+-------+-------++-------
Melee: Unarmed           |    67 |     7 ||    74
       Punch             |     1 |       ||     1
 Cast: Shroud of Golubri |       |     1 ||     1
  Eat: Chunk             |    10 |       ||    10
Armor: Robe              |    20 |     1 ||    21
Dodge: Dodged            |    30 |     2 ||    32
